AoeStats
← Lord_of_Empires

Arena

508430614Analyzed
1v1 RM · 11d ago on Sep 22, 2026· 38m 17s· 2 players
Game mode
Random Map
Map size
Tiny (2 player)
Population
200
Speed
Normal
Resources
Standard
Victory
Conquest
Starting age
Dark Age
Ending age
Imperial Age
RankedLock teamsTeams togetherTeam positionsShared explorationLock speedFull tech treeHidden civsTurbo modeCheats
Victory
Defeat
🇹🇷 Mapuche · Türkiye
1346
+17
🇭🇺 Khmer · Hungary
1372
-17
Lord_of_Empires
8:49 Feudal Age
8:03 Loom
9:25 Double-Bit Axe
11:06 Champi Runner
12:17 Horse Collar
12:36 Arson
19:49 Castle Age
18:36 Gold Mining
18:39 Stone Mining
20:00 Champi Warrior
21:15 Scale Mail Armor
24:27 Wheelbarrow
26:10 Bow Saw
27:11 Chain Mail Armor
27:09 Forging
32:09 Imperial Age
32:01 Iron Casting
32:39 Elite Champi Warrior
34:40 Plate Mail Armor
34:49 Conscription
35:59 Hand Cart
36:47 Blast Furnace
35:53 Town Watch
O1G
9:29 Feudal Age
13:46 Castle Age
16:55 Bloodlines
19:20 Double-Bit Axe
23:15 Loom
29:25 Imperial Age
28:11 Fortified Wall
29:07 Bow Saw
30:22 Masonry
31:14 Chemistry
30:25 Masonry
31:25 Ballistics
31:31 Conscription
32:03 Fletching
32:15 Padded Archer Armor
32:21 Double Crossbow
33:28 Elite Ballista Elephant
34:51 Bodkin Arrow
35:11 Leather Archer Armor
34:57 Scale Mail Armor
34:33 Pikeman
36:53 Architecture
36:19 Town Watch
36:47 Forging
Connection lost

Rejoining the realm…

Still unreachable

The connection could not be restored.

Session expired

The server has moved on; the page needs a fresh start.